 Dungeon Crawl Stone Soup version 0.21.0-3-g78d12a8 (webtiles) character file.

156 letownia2 the Ruffian (level 5, -1/33 HPs)
             Began as a Gargoyle Fighter on Jan 11, 2018.
             Slain by Grinder (4 damage)
             ... on level 4 of the Dungeon.
             The game lasted 00:03:11 (1269 turns).

letownia2 the Ruffian (Gargoyle Fighter)            Turns: 1269, Time: 00:03:12

Health: -1/33      AC: 10    Str: 19    XL:     5   Next: 38%
Magic:  5/5        EV:  9    Int: 10    God:
Gold:   11         SH:  0    Dex:  9    Spells: 4/4 levels left

rFire    . . .     SeeInvis .     - Unarmed
rCold    . . .     Gourm    .   (no shield)
rNeg     + . .     Faith    .   a - +0 scale mail
rPois    ∞         Spirit   .   (no helmet)
rElec    +         Reflect  .   (no cloak)
rCorr    .         Harm     .   (no gloves)
MR       .....                  (no boots)
Stlth    ..........             (no amulet)
HPRegen  0.11/turn              (no ring)
MPRegen  0.09/turn              (no ring)

@: no status effects
A: negative energy resistance 1, electricity resistance, unbreathing,
petrification resistance, rot immunity, AC +4
a: no special abilities


You were on level 4 of the Dungeon.
You were not hungry.

You visited 1 branch of the dungeon, and saw 4 of its levels.

You collected 11 gold pieces.

Inventory:

Armour
 a - a +0 scale mail (worn)
 b - a +0 shield
Scrolls
 e - 2 scrolls of remove curse {unknown}
 f - a scroll of magic mapping {unknown}
 h - 5 scrolls of identify {unknown}
 j - a scroll of teleportation {unknown}
 k - a scroll of amnesia {unknown}
 n - a scroll of immolation {unknown}
Potions
 c - a potion of might
 g - a potion of mutation {unknown}
 i - 4 potions of flight {unknown}
 l - a potion of curing
Comestibles
 d - 3 rations


   Skills:
 + Level 4.2 Fighting
 - Level 3.2 Armour
 - Level 3.2 Shields
 + Level 4.8 Unarmed Combat


You had 4 spell levels left.
You didn't know any spells.

Dungeon Overview and Level Annotations

Branches:
Dungeon (4/15)
 Temple: D:4-7

Altars:
Hepliaklqana
Sif Muna
Xom
Yredelemnul

Annotations:
D:3 MirrMurr's ghost, amateur DsGl
D:4 Grinder


Innate Abilities, Weirdness & Mutations

You are resistant to torment.
Your stone body is resilient. (AC +4)
You are immune to poison.
You resist negative energy. (rN+)
You are resistant to electric shocks. (rElec)
You can survive without breathing.
You are immune to petrification.
You are immune to rotting.


Message History

Grinder gestures at you. Pain shoots through your body!
* * * LOW HITPOINT WARNING * * *
Grinder hits you but does no damage.
You can move again.
Unknown command.
Unknown command.
You punch Grinder!
Grinder is heavily wounded.
Grinder hits you but does no damage.
You closely miss Grinder.
Grinder is heavily wounded.
Grinder completely misses you.
You punch Grinder!
Grinder is almost dead.
You hit Grinder.
Grinder is almost dead.
Grinder says, "DUCK!"
Grinder hits you.
You die...

#######?.
.........
#######.. .#
######.#####
#...@5..((((
#.####.####.
######.# .# ###
#......####.#
..
..............#
..
###.########..#
.# .. #..# .###
# #..# ...##
#..#


You could see Grinder.

Vanquished Creatures
  A hound (D:4)
  A hound skeleton (D:4)
  3 gnolls (D:4)
  6 adders
  An ooze (D:4)
  2 dart slugs
  2 leopard geckos
  An orc (D:4)
  A ball python (D:3)
  A goblin (D:3)
  3 hobgoblins
  2 frilled lizards
  A kobold (D:1)
  2 rats (D:3)
27 creatures vanquished.

Notes
Turn   | Place    | Note
-------+----------+-------------------------------------------
     0 | D:1      | letownia2 the Gargoyle Fighter began the quest for the Orb.
     0 | D:1      | Reached XP level 1. HP: 14/14 MP: 1/1
    81 | D:1      | Reached XP level 2. HP: 9/19 MP: 2/2
   174 | D:1      | You fall through a shaft!
   294 | D:2      | Reached XP level 3. HP: 11/23 MP: 3/3
   389 | D:2      | Found a hazy altar of Hepliaklqana.
   390 | D:2      | Found a shimmering altar of Xom.
   390 | D:2      | Noticed an earth elemental
   450 | D:3      | Found a basalt altar of Yredelemnul.
   667 | D:4      | Reached XP level 4. HP: 22/28 MP: 4/4
   893 | D:4      | Reached XP level 5. HP: 27/33 MP: 5/5
   975 | D:4      | Found a deep blue altar of Sif Muna.
  1090 | D:3      | Noticed MirrMurr's ghost (amateur DsGl)
  1240 | D:4      | Noticed Grinder
  1244 | D:4      | Paralysed by Grinder for 7 turns
  1252 | D:4      | Paralysed by Grinder for 4 turns
  1261 | D:4      | Paralysed by Grinder for 5 turns
  1269 | D:4      | Slain by Grinder

Skill      XL: |  1  2  3  4 |
---------------+-------------+-----
Unarmed Combat | 3 4 |  4.8
Fighting       | 4 |  4.2
Armour         | |  3.2
Shields        | |  3.2

Action                   |  1- 3 |  4- 6 || total
-------------------------+-------+-------++-------
Melee: Unarmed           |    89 |    74 ||   163
       Punch             |       |     1 ||     1
Throw: Javelin           |       |     8 ||     8
  Eat: Chunk             |       |     1 ||     1
Armor: Scale mail        |    31 |    47 ||    78
Dodge: Dodged            |    43 |    27 ||    70
